 Dungeon Crawl Stone Soup version 0.30-a0-29-g142975f185 (webtiles) character file.

Game seed: 3090147752450681125

2301 xian the Carver (level 9, -6/72 HPs)
             Began as a Palentonga Fighter on Aug 26, 2022.
             Was an Initiate of Ashenzari.
             Mangled by an orc priest
             ... wielding a +0 flail
              (7 damage)
             ... on level 6 of the Dungeon.
             The game lasted 00:15:33 (5402 turns).

xian the Carver (Palentonga Fighter)                Turns: 5402, Time: 00:15:35

Health: -6/72      AC: 18    Str: 29    XL:     9   Next: 17%
Magic:  9/9        EV: 12    Int:  9    God:    Ashenzari [......]
Gold:   311        SH:  8    Dex:  9    Spells: 8/8 levels left

rFire   . . .      SeeInvis +    u - +7 Throatcutter {drain, coup de grace}
rCold   . . .      Faith    .    y - +0 kite shield
rNeg    . . .      Spirit   .    s - +4 ring mail of Byscho Lyul {*Slow rElec Str+3}
rPois   .          Reflect  .    (no helmet)
rElec   +          Harm     .    v - +0 cloak
rCorr   .          Rampage  .    (no gloves)
Will    .....                    (no barding)
Stlth   +.........               (no amulet)
HPRegen 0.22/turn                x - ring of Ashenzari's Chagrin {EV+4, Elem, Melee} (curse)
MPRegen 0.11/turn                (no ring)

@: curled up
A: large, rugged brown scales 3, see invisible, deformed body, roll 1, armoured
tail, reflexive curl
a: Rolling Charge, Renounce Religion, Shatter the Chains


You were on level 6 of the Dungeon.
You worshipped Ashenzari.
Ashenzari was noncommittal.
You visited 1 branch of the dungeon, and saw 6 of its levels.

You collected 311 gold pieces.

Inventory:

Hand Weapons
 u - the +7 Throatcutter (weapon) {drain, coup de grace}
   (You took it off Terence on level 2 of the Dungeon)

   A truly terrible weapon, it drains the life of any living foe it strikes.
   It may instantly kill foes which have little health.
Armour
 s - the +4 ring mail of Byscho Lyul (worn) {*Slow rElec Str+3}
   (You found it on level 2 of the Dungeon)

   Str:       It affects your strength (+3).
   rElec:     It insulates you from electricity.
   *Slow:     It may slow you when you take damage.
 t - a scarf of harm
 v - a +0 cloak (worn)
 y - a +0 kite shield (worn)
Jewellery
 a - a +6 ring of intelligence
 x - the cursed ring of Ashenzari's Chagrin (left hand) {EV+4, Elem, Melee}
   (You found it on level 3 of the Dungeon)

   [ring of evasion]

   EV:        It affects your evasion (+4).
   It has a curse which improves the following skills: Elements: Fire Magic, Ice
   Magic, Air Magic and Earth Magic.
   Melee Combat: Short Blades, Long Blades, Axes, Maces & Flails, Polearms,
   Staves and Unarmed Combat.
Wands
 B - a wand of mindburst (2)
Scrolls
 c - a scroll of silence {unknown}
 f - 3 scrolls of teleportation {unknown}
 g - 4 scrolls of identify {unknown}
 j - a scroll of noise {unknown}
 l - 2 scrolls of enchant weapon {unknown}
 n - a scroll of amnesia {unknown}
 p - 3 scrolls of immolation {unknown}
 r - a scroll of magic mapping {unknown}
 z - a scroll of poison {unknown}
 A - a scroll of vulnerability {unknown}
Potions
 b - a potion of haste {unknown}
 d - 3 potions of might
 e - 2 potions of ambrosia {unknown}
 h - 2 potions of mutation {unknown}
 i - 2 potions of cancellation {unknown}
 k - 2 potions of heal wounds {unknown}
 m - a potion of curing {unknown}
 o - 2 potions of magic {unknown}
 q - a potion of invisibility {unknown}
 w - a potion of lignification {unknown}


   Skills:
 + Level 5.1 Fighting
 + Level 8.1(8.6) Long Blades
 + Level 5.2 Armour
 + Level 3.2 Dodging
 + Level 1.1 Stealth
 + Level 4.7 Shields


You had 8 spell levels left.
You didn't know any spells.
Your spell library contained the following spells:

 Spells                   Type           Power      Damage    Failure   Level
 Apportation              Tloc           0%         N/A       78%         1
 Necrotise                Necr           0%         1d4       78%         1
 Shock                    Conj/Air       0%         1d3       78%         1
 Summon Small Mammal      Summ           0%         N/A       78%         1
 Ensorcelled Hibernation  Hex/Ice        0%         N/A       89%         2
 Passwall                 Tmut/Erth      0%         N/A       89%         2
 Call Canine Familiar     Summ           0%         N/A       98%         3
 Frozen Ramparts          Ice            0%         1d1       98%         3
 Summon Guardian Golem    Hex/Summ       0%         N/A       98%         3
 Swiftness                Air            0%         N/A       98%         3
 Airstrike                Air            0%         2d(0-16)  100%        4
 Ice Form                 Ice/Tmut       0%         N/A       100%        4
 Summon Ice Beast         Ice/Summ       0%         N/A       100%        4


Dungeon Overview and Level Annotations

Branches:
Dungeon (6/15)             Temple (0/1) D:4

Altars:
Ashenzari
Fedhas
Gozag
Qazlal
Uskayaw
Vehumet

Annotations:
D:3 exclusion: oklob plant


Innate Abilities, Weirdness & Mutations

You are completely covered in rugged brown scales. (AC +3, +7% HP)
You have supernaturally acute eyesight. (SInv)
Armour fits poorly on your strangely shaped body.
You can roll at nearby foes to attack.
You have a long armoured tail.
You curl defensively after being hit. (AC +7*)


Message History

You slash the orc wizard!
You kill the orc wizard!
The orc hits you but does no damage. The ogre hits you with a +0 giant club!
The orc priest invokes the aid of Beogh against you.
Beogh smites you!
* * * LOW HITPOINT WARNING * * *
Your Dodging skill increases to level 3!
You slash the ogre! You drain the ogre.
You behead the ogre!
You kill the ogre!
You block the orc's attack.
You hit the orc wizard. You drain the orc wizard. You tail-slap the orc wizard.
You kill the orc wizard!
You block the orc's attack. The orc barely misses you.
The orc closely misses you.
The orc priest hits you but does no damage.
The orc hits you but does no damage.
You completely miss the orc priest.
The orc priest is heavily wounded.
You block the orc's attack.
The orc priest hits you but does no damage.
The orc priest invokes the aid of Beogh against you.
Beogh smites you!
* * * LOW HITPOINT WARNING * * *
Okay, then.
You slash the orc priest!
You kill the orc priest!
You block the orc's attack. x2
You hit the orc. You drain the orc.
The orc is severely wounded.
The orc hits you from afar with a +0 trident.
* * * LOW HITPOINT WARNING * * *
You block the orc's attack. The orc barely misses you.
Unknown command.
You closely miss the orc.
The orc is severely wounded.
The orc misses you. You block the orc's attack.
The orc hits you with a +0 war axe.
* * * LOW HITPOINT WARNING * * *
The orc priest hits you with a +0 flail!
You die...

#..#†##..............####
#....#.....†.........#
#....................###.
......#..[...............
......##......†).........
......##.....##...#.#....
......#...##......###.##.
..#...)..###.......# .
.............###@### .
..#........###.ooo.#
##......##......o..#
#.......#...........#
#......##...#####...#
.......#.... ....# #...
...# #).. ...#


You could see an orc priest and 3 orcs.

Vanquished Creatures
  A shadow (D:5)
  Eustachio (D:5)
  A wraith (D:5)
  Edmund (D:5)
  2 black bears
  An ogre (D:6)
  2 centaurs
  2 phantoms
  3 necrophages
  4 scorpions
  A howler monkey (D:6)
  4 hounds
  3 jellies
  2 orc priests
  Crazy Yiuf (D:2)
  Jessica (D:2)
  Terence (D:2)
  3 iguanas
  3 orc wizards
  Ijyb (D:5)
  8 adders
  An ufetubus (D:4)
  3 worms
  4 dart slugs
  11 orcs
  7 ball pythons
  6 bats
  8 endoplasms
  3 giant cockroaches
  4 goblins
  8 hobgoblins
  3 jackals (D:2)
  4 quokkas
  2 frilled lizards
  6 kobolds
116 creatures vanquished.

Vanquished Creatures (others)
  A fungus (D:3)
  7 plants (D:3)
  14 toadstools (D:3)
22 creatures vanquished.

Grand Total: 138 creatures vanquished

Notes
Turn   | Place    | Note
-------+----------+-------------------------------------------
     0 | D:1      | xian the Palentonga Fighter began the quest for the Orb.
     0 | D:1      | Reached XP level 1. HP: 19/19 MP: 1/1
     1 | D:1      | Noticed an electric eel
   163 | D:1      | Reached XP level 2. HP: 25/25 MP: 2/2
   859 | D:2      | Reached XP level 3. HP: 14/31 MP: 3/3
  1580 | D:2      | Identified the +4 ring mail of Byscho Lyul {*Slow rElec
                  | Str+3}
  1660 | D:2      | Found a faded altar of an unknown god.
  1671 | D:2      | Noticed Jessica
  1674 | D:2      | Killed Jessica
  1675 | D:2      | Reached XP level 4. HP: 37/37 MP: 4/4
  2014 | D:2      | Noticed Terence
  2017 | D:2      | Killed Terence
  2018 | D:2      | Reached skill level 3 in Long Blades
  2161 | D:2      | Found a runed translucent door.
  2162 | D:2      | Noticed Crazy Yiuf
  2167 | D:2      | Killed Crazy Yiuf
  2168 | D:2      | Reached XP level 5. HP: 38/43 MP: 5/5
  2512 | D:3      | Found a radiant altar of Vehumet.
  2799 | D:3      | Found a broken altar of Ashenzari.
  2800 | D:3      | Found a stormy altar of Qazlal.
  2801 | D:3      | Found a hide-covered altar of Uskayaw.
  2880 | D:3      | Found a blossoming altar of Fedhas.
  2900 | D:3      | Noticed an oklob plant
  3348 | D:3      | Became a worshipper of Ashenzari the Shackled
  3421 | D:4      | Reached skill level 1 in Dodging
  3423 | D:4      | Reached skill level 4 in Long Blades
  3494 | D:4      | Noticed a black bear
  3496 | D:4      | Killed a black bear
  3497 | D:4      | Reached XP level 6. HP: 51/51 MP: 6/6
  3508 | D:4      | Found a faded altar of an unknown god.
  3643 | D:4      | Gained mutation: You curl defensively after being hit. (AC
                  | +7*) [Palentonga growth]
  3643 | D:4      | Reached XP level 7. HP: 55/56 MP: 7/7
  3715 | D:4      | Found a staircase to the Ecumenical Temple.
  3987 | D:4      | Reached skill level 5 in Long Blades
  4077 | D:5      | Entered Level 5 of the Dungeon
  4113 | D:5      | Found an opulent altar of Gozag.
  4124 | D:5      | Noticed Ijyb
  4129 | D:5      | Killed Ijyb
  4448 | D:5      | Noticed Edmund
  4451 | D:5      | Reached skill level 6 in Long Blades
  4459 | D:5      | Killed Edmund
  4460 | D:5      | Reached XP level 8. HP: 43/64 MP: 8/8
  4781 | D:5      | Noticed Eustachio
  4805 | D:5      | Killed Eustachio
  4806 | D:5      | Reached skill level 7 in Long Blades
  5212 | D:6      | Reached skill level 5 in Armour
  5219 | D:6      | Reached skill level 1 in Stealth
  5279 | D:6      | Reached skill level 5 in Fighting
  5293 | D:6      | Reached XP level 9. HP: 53/72 MP: 9/9
  5337 | D:6      | Reached skill level 8 in Long Blades
  5399 | D:6      | HP: 3/72 [orc priest/divine providence (15)]
  5402 | D:6      | HP: 1/72 [orc/+0 war axe (2)]
  5402 | D:6      | Mangled by an orc priest

Illustrated notes

Levels and vault maps discovered:
D:1:      arrival_aquarium_a, layout_loops_ring
D:2:      layout_basic, dreamdust_ecumenical_altar_angels_and_demons,
          uniq_jessica, uniq_crazy_yiuf_cottage, uniq_terence
D:3:      layout_basic, tgw_fedhas, mainiacjoe_overflow_concentric_impassable,
          chequers_temple_overflow_statue_of_worship, st_stairs_1,
          kennysheep_generic_room_7
D:4:      layout_cave_pods, minmay_temple_entry_gardened_gates,
          serial_column_ruins, column_ruins_temple_circle,
          column_ruins_columns_T, column_ruins_columns_dead_end,
          column_ruins_columns_corner, column_ruins_grid_2,
          chequers_serial_rivers_micro_c, wad_floor_pattern_2
D:5:      layout_gridville, mainiacjoe_overflow_paths, minmay_hedge_maze,
          grunt_decor_junction, st_stairs_3, chequers_jeans,
          minmay_misc_feat_roman, uniq_ijyb, uniq_edmund, uniq_eustachio
D:6:      layout_cave_pools, amcnicky_altar_gilded, grunt_potential

Skill      XL: |  1  2  3  4  5  6  7  8  9 |
---------------+----------------------------+-----
Armour         | 3 4 5 |  5.2
Shields        | 3 4 |  4.7
Long Blades    | 3 4 6 7 8 |  8.1
Dodging        | 1 2 3 |  3.2
Fighting       | 4 5 |  5.1
Stealth        | 1 |  1.1

Action                   |  1- 3 |  4- 6 |  7- 9 || total
-------------------------+-------+-------+-------++-------
Melee: Long sword        |    93 |   122 |   124 ||   339
       Tailslap          |     6 |    16 |    15 ||    37
Invok: Curse Item        |       |       |     1 ||     1
 Abil: Rolling Charge    |    17 |    26 |    30 ||    73
  Use: Potion            |       |     1 |       ||     1
 Stab: Invisible         |       |     1 |       ||     1
Armor: Scale mail        |    15 |       |       ||    15
       Chain mail        |    42 |       |       ||    42
       Ring mail         |     6 |    58 |    62 ||   126
Dodge: Dodged            |    39 |    37 |    77 ||   153
Block: Buckler           |    14 |     7 |       ||    21
       Kite shield       |       |    27 |    76 ||   103

Table legend: (Time is in decaauts)
 A = Elapsed time spent in this place.
 B = Non-inter-level travel time spent in this place.
 C = Inter-level travel time spent in this place.
 D = Time resting spent in this place.
 E = Time spent auto-exploring this place.
 F = Levels seen in this place.
 G = Mean time per level.
                   A        B        C        D        E       F      G
               +--------+--------+--------+--------+--------+-----+--------+
         Total |   5497 |   5374 |    123 |      0 |   4190 |   6 |  916.2 |
       Dungeon |   5497 |   5374 |    123 |      0 |   4190 |   6 |  916.2 |
               +--------+--------+--------+--------+--------+-----+--------+

Top non-repeatable levels by time:
     D:2: 1482 daAuts
     D:5: 1115 daAuts
     D:3: 1069 daAuts
     D:1: 858 daAuts
     D:4: 734 daAuts
     D:6: 236 daAuts
